 Dungeon Crawl Stone Soup version 0.30.1-11-g7821555f0a (webtiles) character file.

Game seed: 18349899089186529154

3544 fireball365 the Cleaver (level 10, -1/90 HPs)
             Began as a Hill Orc Fighter on Dec 10, 2023.
             Was an Initiate of Gozag.
             Slain by a yak (7 damage)
             ... on level 8 of the Dungeon.
             The game lasted 00:13:27 (8616 turns).

fireball365 the Cleaver (Hill Orc Fighter)          Turns: 8616, Time: 00:13:28

Health: -1/90      AC: 10    Str: 24    XL:     10   Next: 9%
Magic:  10/10      EV:  9    Int:  8    God:    Gozag
Gold:   1255       SH:  6    Dex: 16    Spells: 9/9 levels left

rFire   + . .        a - +0 war axe
rCold   + . .        c - +0 buckler
rNeg    . . .        u - +0 chain mail
rPois   .            (no helmet)
rElec   .            v - scarf {rC+ rF+}
rCorr   .            (no gloves)
SInv    .            (no boots)
Will    .....        w - amulet of regeneration Stlth
                     H - ring of flight
HPRegen 1.15/turn    C - +6 ring of dexterity
MPRegen 0.12/turn

%: no passive effects
@: flying
A: no striking features
a: Renounce Religion, Potion Petition, Call Merchant, Bribe Branch


You were on level 8 of the Dungeon.
You worshipped Gozag.
Gozag was most pleased with you.
You visited 2 branches of the dungeon, and saw 10 of its levels.
You also visited: Ossuary.

You collected 1320 gold pieces.
You paid 65 gold pieces to Gozag.

Inventory:

Hand Weapons
 a - a +0 war axe (weapon)
 I - the +8 mace of Equivalence {freeze, Int+5}
   (You found it on level 6 of the Dungeon)

   Int:       It affects your intelligence (+5).
 L - a +0 great mace
Missiles
 z - 3 atropa-tipped darts (quivered)
Armour
 c - a +0 buckler (worn)
 s - the +0 scale mail of Fashionability {rCorr Dex+3}
   (You found it on level 7 of the Dungeon)

   Dex:       It affects your dexterity (+3).
   rCorr:     It protects you from acid and corrosion.
 u - a +0 chain mail (worn)
 v - a scarf of resistance (worn)
Jewellery
 k - an amulet of reflection
 t - a ring of willpower
 w - an amulet of regeneration (around neck)
 C - a +6 ring of dexterity (right hand)
 H - a ring of flight (left hand)
Wands
 x - a wand of flame (25)
 y - a wand of iceblast (17)
Scrolls
 f - 3 scrolls of blinking
 g - 3 scrolls of vulnerability
 i - 2 scrolls of enchant weapon
 n - a scroll of fog
 o - a scroll of amnesia
 p - 4 scrolls of teleportation
 A - a scroll of torment
 D - a scroll of poison {unknown}
 E - a scroll of acquirement {unknown}
 G - 2 scrolls of enchant armour {unknown}
 K - a scroll of fear {unknown}
 N - a scroll of summoning {unknown}
 Q - a scroll of magic mapping
Potions
 d - 3 potions of might
 e - 4 potions of degeneration
 h - 4 potions of flight
 j - 2 potions of berserk rage {unknown}
 l - 2 potions of cancellation {unknown}
 m - 3 potions of attraction {unknown}
 q - 2 potions of haste
 r - a potion of heal wounds
 B - 2 potions of curing {unknown}
 F - a potion of ambrosia {unknown}
 J - a potion of mutation {unknown}
 M - a potion of brilliance {unknown}
 O - a potion of resistance {unknown}
 R - a potion of lignification {unknown}
Miscellaneous
 P - a phantom mirror


   Skills:
 + Level 8.7 Fighting
 + Level 12.4(12.5) Axes
 + Level 1.3(6.7) Maces & Flails
 + Level 6.8 Armour
 + Level 2.2 Dodging
 + Level 0.8 Stealth
 + Level 6.1 Shields
 + Level 1.2 Evocations


You had 9 spell levels left.
You didn't know any spells.
Your spell library contained the following spells:

 Spells                   Type           Power      Damage    Failure   Level
 Foxfire                  Conj/Fire      0%         2x1d4     94%         1
 Kiss of Death            Conj/Necr      0%         2d5       94%         1
 Necrotise                Necr           0%         1d4       94%         1
 Sublimation of Blood     Necr           0%         N/A       98%         2
 Wereblood                Tmut           0%         N/A       98%         2
 Call Canine Familiar     Summ           0%         N/A       100%        3
 Confusing Touch          Hex            0%         N/A       100%        3
 Portal Projectile        Hex/Tloc       0%         N/A       100%        3
 Vampiric Draining        Necr           0%         2d6       100%        3
 Dispel Undead            Necr           0%         3d6       100%        4
 Leda's Liquefaction      Hex/Erth       0%         N/A       100%        4
 Agony                    Necr           0%         N/A       100%        5
 Fireball                 Conj/Fire      0%         3d3       100%        5
 Plasma Beam              Fire/Air       0%         2x1d11    100%        6
 Starburst                Conj/Fire      0%         6d3       100%        6
 Summon Hydra             Summ           0%         N/A       100%        7


Dungeon Overview and Level Annotations

Branches:
Dungeon (9/15)             Temple (1/1) D:4         Ossuary (visited)
   Lair: D:8-11         Orc: D:9-12

Altars:
Elyvilon
Fedhas
Gozag
Hepliaklqana
Kikubaaqudgha
Makhleb
Nemelex Xobeh
Qazlal
Ru
Sif Muna
Zin
The Shining One

Annotations:
D:9 1 runed translucent door, Sakumbe's ghost, novice FeRe


Message History

The black bear bites the fungus!
The fungus begins to die.
The black bear claws the fungus. x2; The yak barely misses you.
The komodo dragon bites you!
You barely miss the yak.
The yak is heavily wounded.
You barely miss the komodo dragon. You block the yak's attack.
The black bear bites the fungus.
The black bear claws the fungus. x2
You hit the yak.
The yak is severely wounded.
You barely miss the komodo dragon.
The komodo dragon bites you but does no damage.
The black bear bites the fungus!
The black bear claws the fungus. x2
The yak gores you but does no damage.
Unknown command.
You slash the yak!
The yak is almost dead.
You barely miss the komodo dragon. The komodo dragon bites you!!
* * * LOW HITPOINT WARNING * * *
The black bear bites the fungus.
The black bear claws the fungus. x2
You block the yak's attack.
You feel much better.
A nearby fungus withers and dies.
The komodo dragon bites you!!
* * * LOW HITPOINT WARNING * * *
The yak gores you.
* * * LOW HITPOINT WARNING * * *
A bullfrog comes into view.
Aiming: Iceblast
Press: ? - help, Q - select action, (/) - cycle Shift-Dir - straight line Your line of fire to the targeted floor is blocked by a plant.
Aiming: Throw Flame
Press: ? - help, Q - select action, (/) - cycle Shift-Dir - straight line, f - black bear
Aim: a black bear (77% to hit)
The puff of flame hits the yak.
The yak is almost dead.
The bullfrog croaks.
The komodo dragon bites you!
* * * LOW HITPOINT WARNING * * *
The bullfrog hits the fungus.
The fungus begins to die.
The yak gores you!
You die...
Your body crumbles into a pile of gold. #P..P F.. #P...P PPP.

...... .....
.....P .....
.PP...##+#.....
#.PP.P.........
#..P.hYlP....#
.#..PP.@.......
.....P.......##
....#...P..###
....# ###.####
...# #..# #..#
##.## #..# ##..###
#..# ##.....# ..
##..####..###....#


You could see a komodo dragon, a yak, a black bear and a bullfrog.

Vanquished Creatures
  2 wraiths
  A steam dragon (D:7)
  Menkaure (D:4)
  An acid dragon (D:6)
  2 orc warriors
  2 ice beasts
  4 ogres
  2 centaurs
  A phantom (D:5)
  2 gnoll sergeants
  A spectral water moccasin (D:5)
  A necrophage (D:5)
  A scorpion (D:4)
  5 wights (D:7)
  4 howler monkeys
  A bullfrog zombie (D:5)
  A centaur zombie (D:5)
  5 hounds
  3 orc priests
  A gnoll bouda (D:5)
  3 jellies
  4 sleepcaps
  Jessica (D:2)
  Terence (D:3)
  4 orc wizards
  5 iguanas
  A spectral hound (D:5)
  8 mummies (Ossuary)
  15 gnolls
  9 adders
  A white imp (D:6)
  2 ufetubi
  A worm (D:4)
  3 dart slugs
  22 orcs
  3 bats
  9 endoplasms
  7 giant cockroaches
  2 gnoll zombies (Ossuary)
  8 goblins
  8 hobgoblins
  5 kobolds
  2 quokkas
  7 ball pythons
  5 frilled lizards
  2 hobgoblin zombies (Ossuary)
  A kobold zombie (Ossuary)
  3 orc zombies (Ossuary)
  3 rats
186 creatures vanquished.

Notes
Turn   | Place    | Note
-------+----------+-------------------------------------------
     0 | D:1      | fireball365 the Hill Orc Fighter began the quest for the
                  | Orb.
     0 | D:1      | Reached XP level 1. HP: 19/19 MP: 1/1
   145 | D:1      | Reached XP level 2. HP: 27/27 MP: 2/2
   536 | D:1      | Reached skill level 3 in Axes
  1033 | D:2      | Reached XP level 3. HP: 31/33 MP: 3/3
  1250 | D:2      | Noticed Jessica
  1273 | D:2      | Killed Jessica
  1274 | D:2      | Reached XP level 4. HP: 23/41 MP: 4/4
  1928 | D:2      | Found a faded altar of an unknown god.
  2089 | D:3      | Noticed Terence
  2091 | D:3      | Reached skill level 4 in Axes
  2098 | D:3      | Killed Terence
  2099 | D:3      | Reached skill level 5 in Axes
  2099 | D:3      | Reached XP level 5. HP: 18/47 MP: 5/5
  2894 | D:3      | Found a white marble altar of Elyvilon.
  3125 | D:4      | Reached skill level 6 in Axes
  3197 | D:4      | Noticed Menkaure
  3204 | D:4      | Killed Menkaure
  3205 | D:4      | Reached XP level 6. HP: 20/55 MP: 6/6
  3208 | D:4      | Reached skill level 7 in Axes
  3335 | D:4      | Identified the +3 leather armour of the Echidna {rC- Regen+
                  | Int+2}
  3566 | D:4      | Reached XP level 7. HP: 29/60 MP: 7/7
  3580 | D:4      | Reached skill level 5 in Fighting
  4165 | D:4      | Found a staircase to the Ecumenical Temple.
  4179 | Temple   | Entered the Ecumenical Temple
  4285 | Temple   | Became a worshipper of Gozag Ym Sagoz the Greedy
  4442 | D:4      | Reached skill level 8 in Axes
  4544 | D:5      | Entered Level 5 of the Dungeon
  4620 | D:5      | Found a hazy altar of Hepliaklqana.
  4648 | D:5      | Reached skill level 1 in Dodging
  4720 | D:5      | Reached XP level 8. HP: 43/69 MP: 8/8
  4729 | D:5      | Found a sand-covered staircase.
  4746 | D:5      | Reached skill level 9 in Axes
  4746 | D:5      | Reached skill level 5 in Armour
  4758 | Ossuary  | Entered an ossuary
  5132 | D:5      | Noticed a wraith
  5151 | D:5      | Killed a wraith
  5152 | D:5      | Reached skill level 10 in Axes
  5203 | D:5      | Identified the +6 dagger of Untruth {pain, rElec}
  5266 | D:5      | Reached skill level 11 in Axes
  5266 | D:5      | Reached XP level 9. HP: 36/78 MP: 9/9
  6035 | D:6      | Found a burning altar of Makhleb.
  6124 | D:6      | Identified the +8 mace of Equivalence {freeze, Int+5}
  6186 | D:6      | Identified the +0 leather armour of Parlour Games {Harm
                  | Will+ SInv}
  6459 | D:6      | Reached skill level 1 in Maces & Flails
  6496 | D:6      | Identified the +8 rapier of Xom, Brewing {drain, rF+ rC+
                  | Int+3 Dex+3}
  6636 | D:6      | Reached skill level 5 in Shields
  7242 | D:7      | Reached skill level 1 in Evocations
  7444 | D:7      | You are sucked into a shaft and drop 2 floors!
  7470 | D:9      | Identified the +1 robe of Minor Irritation {*Slow rPois
                  | rC++ rN+}
  7486 | D:9      | Reached skill level 12 in Axes
  7493 | D:9      | Reached XP level 10. HP: 15/90 MP: 10/10
  7652 | D:9      | Found a runed translucent door.
  7663 | D:9      | Noticed Sakumbe's ghost (novice FeRe)
  7710 | D:8      | Found a shimmering blue altar of Sif Muna.
  7763 | D:7      | Found an ancient bone altar of Kikubaaqudgha.
  7824 | D:7      | Found a sparkling altar of Nemelex Xobeh.
  8248 | D:7      | Identified the +3 leather armour "Iduyhikk" {Drain rC+
                  | Int+2 Dex+2}
  8269 | D:7      | Identified the +0 scale mail of Fashionability {rCorr
                  | Dex+3}
  8616 | D:8      | Slain by a yak

Illustrated notes

Levels and vault maps discovered:
D:1:      minmay_arrival_nine_rooms, layout_loops_corners, minivault_14
D:2:      layout_loops_corners, ebering_ecumenical_altar_sacrificial,
          uniq_jessica
D:3:      layout_basic, elyvilon_altar_1, uniq_terence
D:4:      layout_gridville, minmay_temple_entry_antechambers,
          grunt_decor_arrowhead, uniq_menkaure
D:5:      layout_loops_ring, nzn_hepliaklqana_mist_gate, enter_ossuary_1,
          dilly_guarded_unrand_morg
D:6:      kennysheep_big_flooded_room, layout_layer_cave,
          mainiacjoe_overflow_concentric_impassable, grunt_ministairs_5
D:7:      nicolae_BIG_FREAKIN_CUBE, layout_basic,
          mainiacjoe_overflow_large_starburst
D:8:      layout_layer_cave, nicolae_sif_muna_condensation,
          ashenzari_conservatory_becter, mainiacjoe_overflow_catwalk,
          grunt_lair_entry_orc_guard_hut
D:9:      layout_irregular_city, vehumet_altar_wand_db,
          ebering_ghost_reflecting_pool, nzn_life_drinkers
Temple:   minmay_temple_forest_path

Skill      XL: |  1  2  3  4  5  6  7  8  9 10 |
---------------+-------------------------------+-----
Fighting       | 4 5 6 8 |  8.7
Axes           | 3 5 6 7 8 11 12 | 12.4
Armour         | 4 5 6 |  6.8
Shields        | 4 5 6 |  6.1
Dodging        | 1 2 |  2.2
Maces & Flails | 1 |  1.3
Evocations     | 1 |  1.2
Stealth        | |  0.8

Action                     |  1- 3 |  4- 6 |  7- 9 | 10-12 || total
---------------------------+-------+-------+-------+-------++-------
  Melee: War axe           |    71 |   143 |   310 |    47 ||   571
         Mace              |       |       |    35 |       ||    35
  Evoke: Wand              |       |       |     5 |     1 ||     6
    Use: Scroll            |       |     2 |     9 |     1 ||    12
         Potion            |       |       |     4 |     1 ||     5
 Armour: Scale mail        |    38 |    15 |       |       ||    53
         Chain mail        |       |    52 |   173 |    20 ||   245
  Dodge: Dodged            |    46 |    70 |   146 |    19 ||   281
  Block: Buckler           |    19 |    30 |    88 |    20 ||   157
